 Dungeon Crawl Stone Soup version 0.17.0-24-gcfadda4 (webtiles) character file.

2560 Memoria the Cleaver (level 9, -2/74 HPs)
             Began as a Minotaur Fighter on Nov 16, 2015.
             Was a Priest of Qazlal.
             Slain by a troll (14 damage)
             ... on level 10 of the Dungeon.
             The game lasted 01:01:57 (6218 turns).

Memoria the Cleaver (Minotaur Fighter)              Turns: 6218, Time: 01:01:57

Health: -2/74      AC: 11    Str: 27    XL:     9   Next: 31%
Magic:  12/12      EV:  9    Int:  5    God:    Qazlal [***...]
Gold:   334        SH: 15    Dex: 12    Spells: 0 memorised, 8 levels left

rFire  + . .     SeeInvis .     a - +1 war axe
rCold  . . .     Clarity  .     k - +1 chain mail
rNeg   . . .     SustAt   .     c - +0 shield
rPois  .         Gourm    .     (helmet restricted)
rElec  .         Spirit   .     (no cloak)
rCorr  .         Warding  .     (no gloves)
rMut   .         Stasis   .     (no boots)
MR     .....                    (no amulet)
Stlth  ..........               o - ring of protection from fire
                                n - ring of flight

@: mighty, not resistant to hostile enchantments, extremely unstealthy
A: retaliatory headbutt, horns 2
a: Upheaval, Elemental Force, Renounce Religion, Evoke Flight


You were on level 10 of the Dungeon.
You worshipped Qazlal.
Qazlal was most pleased with you.
You were not hungry.

You visited 2 branches of the dungeon, and saw 10 of its levels.
You also visited: Sewer.

You collected 334 gold pieces.

Inventory:

Hand Weapons
 a - a +1 war axe (weapon)
Armour
 c - a +0 shield (worn)
 k - a +1 chain mail (worn)
Jewellery
 n - a ring of flight (left hand)
 o - a ring of protection from fire (right hand)
 s - an uncursed ring of ice
 x - a +2 ring of dexterity {unknown}
Wands
 d - a wand of polymorph (9)
 j - a wand of frost (24)
Scrolls
 h - 2 scrolls of remove curse
 q - a scroll of magic mapping {unknown}
 y - a scroll of random uselessness {unknown}
 z - a scroll of blinking {unknown}
Potions
 f - a potion of berserk rage
 l - 2 potions of heal wounds {unknown}
 r - a potion of resistance {unknown}
 t - a potion of brilliance
 u - a potion of lignification
 v - a potion of might
 w - a potion of cancellation {unknown}
Comestibles
 b - a slice of pizza
 e - 2 bread rations
 g - 2 meat rations
 m - a beef jerky
 p - a royal jelly


   Skills:
 - Level 5.1 Fighting
 + Level 9.7 Axes
 - Level 6.0 Armour
 - Level 5.0 Dodging
 - Level 5.5 Shields
 - Level 6.0 Invocations


You had 8 spell levels left.
You didn't know any spells.

Dungeon Overview and Level Annotations

Branches:
Dungeon (10/15)            Temple (1/1) D:5
   Lair: D:8-11         Orc: D:9-12

Altars:
Ashenzari
Cheibriados
Dithmenos
Elyvilon
Fedhas
Gozag
Kikubaaqudgha
Makhleb
Nemelex Xobeh
Okawaru
Qazlal
Ru
Sif Muna
Vehumet
Xom
Yredelemnul
Zin

Shops:
D:5 =

Annotations:
D:5 exclusion: statue


Innate Abilities, Weirdness & Mutations

You reflexively headbutt those who attack you in melee.
You have a pair of horns on your head.


Message History

The orc priest drinks a potion.
The orc priest suddenly seems more agile.
Something hits you but does no damage.
There is a stone staircase leading down here.
You climb downwards.
Something hits you but does no damage. Something hits you! The troll bites you.
* * * LOW HITPOINT WARNING * * *
You block the troll's attack. x2
You block the hungry ghost's attack. The yak gores you!
* * * LOW HITPOINT WARNING * * *
The yak barely misses you. You furiously retaliate!
You headbutt the yak! The yak barely misses you. You furiously retaliate!
You headbutt the yak!
There is a stone staircase leading up here.
Read which item? (? for menu, Esc to quit)
As you read the scroll labeled BIXAPN IMIOR, it crumbles to dust.
It is a scroll of recharging.
Charge which item? (? for menu, Esc to quit)
Your wand of polymorph glows for a moment.
Something hits you but does no damage. The troll bites you!
You die...

..... #.<.
#..## #...##
#....## #
###YY.# .#
#.#.###.##.#
#..YY.W[...#
##..Y@..###.
#...TY{......
#............
#(...%...<...
........#.....
###..>.........
#............
#............


You could see 5 yaks, a troll, a hungry ghost and a sky beast.

Vanquished Creatures
  Pikel (D:6)
  A water moccasin (D:7)
  The ghost of Armakuni the Ducker, an amateur DEMo (D:5)
  An ogre (D:4)
  A slave (D:6)
  2 phantoms (D:7)
  2 centaurs
  A big kobold (Sewer)
  A giant frog (D:6)
  A scorpion (D:7)
  4 killer bees (D:7)
  A wyvern skeleton (D:7)
  The ghost of puimuR the Chopper, a weakling DsGl (D:5)
  2 centaur zombies
  A crimson imp (D:5)
  7 orc priests
  A jelly (D:7)
  An orc wizard (D:4)
  2 giant frog skeletons
  2 hounds
  An iguana (D:10)
  4 worker ants
  Jessica (D:2)
  A hound skeleton (D:4)
  A worker ant zombie (D:6)
  4 gnolls (D:3)
  3 river rats
  8 adders
  5 oozes
  8 worms
  3 giant geckos
  20 orcs
  5 ball pythons (Sewer)
  6 bats
  11 giant cockroaches
  7 goblins
  4 hobgoblins
  15 kobolds
  2 quokkas
  4 giant newts
  7 jackals
  A jackal skeleton (D:6)
  10 rats
165 creatures vanquished.

Vanquished Creatures (others)
  A worm (D:3)
1 creature vanquished.

Grand Total: 166 creatures vanquished

Notes
Turn   | Place    | Note
--------------------------------------------------------------
     0 | D:1      | Memoria the Minotaur Fighter began the quest for the Orb.
     0 | D:1      | Reached XP level 1. HP: 19/19 MP: 0/0
   308 | D:1      | Reached XP level 2. HP: 26/26 MP: 1/1
   898 | D:2      | Reached skill level 4 in Axes
   936 | D:2      | Noticed Jessica
   943 | D:2      | Killed Jessica
   943 | D:2      | Reached XP level 3. HP: 31/31 MP: 2/2
   997 | D:2      | Reached skill level 5 in Axes
  1135 | D:2      | Found a stormy altar of Qazlal.
  1156 | D:2      | Reached XP level 4. HP: 39/39 MP: 3/3
  1429 | D:3      | Reached skill level 5 in Armour
  1463 | D:3      | Reached XP level 5. HP: 42/46 MP: 4/4
  1724 | D:3      | Reached skill level 5 in Fighting
  1758 | D:2      | Became a worshipper of Qazlal Stormbringer
  1914 | D:3      | Reached skill level 1 in Dodging
  2129 | D:3      | Reached XP level 6. HP: 52/56 MP: 5/5
  2476 | D:4      | Found a deep blue altar of Sif Muna.
  2546 | D:4      | Found a snail-covered altar of Cheibriados.
  2591 | D:4      | Found a shimmering altar of Xom.
  2936 | D:4      | Reached * piety under Qazlal
  2936 | D:4      | Reached skill level 5 in Dodging
  2936 | D:4      | Reached XP level 7. HP: 33/61 MP: 6/6
  3297 | D:5      | Entered Level 5 of the Dungeon
  3491 | D:5      | Noticed Armakuni's ghost (amateur DEMo)
  3571 | D:5      | Killed Armakuni's ghost
  3571 | D:5      | Reached skill level 6 in Axes
  3624 | D:5      | Found a staircase to the Ecumenical Temple.
  3624 | D:5      | Noticed puimuR's ghost (weakling DsGl)
  3649 | D:5      | Killed puimuR's ghost
  3649 | D:5      | Reached skill level 7 in Axes
  3666 | Temple   | Entered the Ecumenical Temple
  3898 | D:5      | Found a radiant altar of Vehumet.
  3980 | D:5      | Found Emuges's Jewellery Emporium.
  4238 | D:6      | Reached skill level 1 in Invocations
  4292 | D:6      | Reached XP level 8. HP: 68/68 MP: 8/8
  4300 | D:6      | Found a glowing drain.
  4302 | D:6      | Noticed Pikel
  4311 | D:6      | Killed Pikel
  4311 | D:6      | Reached skill level 5 in Invocations
  4320 | Sewer    | Entered a sewer
  4377 | Sewer    | Reached ** piety under Qazlal
  4966 | D:6      | Found a sacrificial altar of Ru.
  5239 | D:7      | Reached skill level 5 in Shields
  5304 | D:7      | Reached *** piety under Qazlal
  5304 | D:7      | Reached XP level 9. HP: 22/74 MP: 12/12
  5623 | D:7      | Reached skill level 8 in Axes
  5720 | D:7      | Found a shattered altar of Ashenzari.
  5808 | D:7      | Reached skill level 9 in Axes
  5955 | D:7      | Found a white marble altar of Elyvilon.
  6096 | D:7      | Found a basalt altar of Yredelemnul.
  6155 | D:7      | You fall through a shaft for 3 floors!
  6155 | D:10     | Entered Level 10 of the Dungeon
  6218 | D:10     | Slain by a troll

Action                   |  1- 3 |  4- 6 |  7- 9 || total
-------------------------+-------+-------+-------++-------
Melee: War axe           |    71 |   131 |   318 ||   520
  Use: Scroll            |       |     5 |     7 ||    12
       Potion            |       |     2 |     8 ||    10
  Eat: Chunk             |     1 |     2 |     4 ||     7
       Meat ration       |       |     1 |       ||     1
       Bread ration      |       |       |     2 ||     2
